AoeStats
← 种田低手

Arena

510552787Analyzed
4v4 RM · 12h ago on Oct 1, 2026· 43m 1s· 8 players
Game mode
Random Map
Map size
Large (8 player)
Population
200
Speed
Normal
Resources
Standard
Victory
Conquest
Starting age
Dark Age
Ending age
Imperial Age
RankedLock teamsTeams togetherTeam positionsShared explorationLock speedFull tech treeHidden civsTurbo modeCheats
Victory
Defeat
🇨🇳 Persians · China
1155
+13
🇨🇳 Spanish · China
1090
+16
🇧🇷 Franks · Brazil
1080
+16
🇨🇳 Danes · China
1035
+18
🇨🇳 Franks · China
1123
-17
🇨🇳 Turks · China
1105
-17
🇨🇳 Persians · China
1071
-15
🇨🇳 Huns · China
1045
-14
种田低手
10:35 Feudal Age
14:31 Castle Age
12:35 Double-Bit Axe
12:31 Horse Collar
17:24 Padded Archer Armor
26:23 Heavy Plow
26:40 Bow Saw
29:12 Wheelbarrow
29:48 Stone Mining
29:48 Gold Mining
30:53 Husbandry
31:03 Bloodlines
35:41 Imperial Age
33:29 Leather Archer Armor
33:15 Husbandry
33:26 Bloodlines
33:55 Loom
34:25 Hand Cart
33:55 Town Watch
34:03 Fletching
35:22 Stone Shaft Mining
37:11 Ring Archer Armor
36:04 Elite Conquistador
37:05 Conscription
37:47 Chemistry
37:48 Two-Man Saw
37:10 Guilds
37:46 Bodkin Arrow
38:13 Ballistics
38:04 Masonry
38:50 Bracer
40:17 Coinage
41:31 Banking
42:03 Supremacy
42:18 Hoardings
41:55 Fortified Wall
41:43 Murder Holes
legend
10:37 Feudal Age
14:11 Castle Age
19:16 Double-Bit Axe
19:59 Horse Collar
20:54 Bow Saw
23:45 Gold Mining
23:57 Heavy Plow
25:53 Wheelbarrow
29:16 Imperial Age
27:29 Hand Cart
27:08 Stone Mining
28:10 Loom
29:54 Scale Barding Armor
30:00 Forging
30:51 Crop Rotation
31:22 Two-Man Saw
30:28 Devotion
33:49 Stone Shaft Mining
32:52 Elite War Elephant
33:56 Elite War Elephant
35:06 Bloodlines
34:57 Husbandry
34:34 Light Cavalry
36:06 Faith
35:22 Hussar
37:06 Chain Barding Armor
37:21 Iron Casting
41:02 Citadels
42:03 Murder Holes
42:41 Conscription
种田美眉
10:33 Feudal Age
14:07 Castle Age
12:10 Double-Bit Axe
15:15 Bow Saw
19:18 Loom
19:21 Town Watch
20:17 Wheelbarrow
27:46 Imperial Age
25:39 Gold Mining
26:00 Scale Barding Armor
26:06 Forging
27:17 Chain Barding Armor
27:02 Husbandry
28:54 Iron Casting
27:55 Cavalier
29:25 Gold Shaft Mining
29:34 Plate Barding Armor
28:52 Fletching
30:51 Blast Furnace
31:08 Conscription
31:32 Paladin
39:27 Hoardings
39:57 Chivalry
848e0d88
11:53 Feudal Age
12:24 Double-Bit Axe
13:17 Horse Collar
15:43 Castle Age
16:51 Bow Saw
16:46 Heavy Plow
16:49 Loom
17:40 Wheelbarrow
18:45 Gold Mining
20:30 Town Watch
21:52 Scale Barding Armor
23:46 Bloodlines
24:05 Husbandry
28:56 Gold Shaft Mining
28:12 Stone Mining
31:04 Hand Cart
35:11 Imperial Age
33:28 Squires
35:14 Onager
35:23 Pikeman
37:42 Siege Onager
38:35 Halberdier
40:04 Ballistics
39:57 Siege Engineers
41:24 Chemistry
42:35 Scale Mail Armor
42:07 Northmen's Fury
42:29 Capped Ram
DazHkaka
6:50 Loom
11:55 Feudal Age
13:27 Double-Bit Axe
15:43 Castle Age
20:13 Imperial Age
18:27 Padded Archer Armor
27:12 Leather Archer Armor
34:07 Forging
34:03 Scale Barding Armor
35:23 Heavy Camel Rider
37:20 Iron Casting
39:10 Blast Furnace
40:55 Guilds
lunb829195
12:03 Feudal Age
16:47 Castle Age
16:42 Loom
16:53 Stone Mining
16:52 Double-Bit Axe
17:02 Gold Mining
18:26 Bow Saw
18:31 Town Watch
25:08 Elite Skirmisher
34:17 Wheelbarrow
36:21 Gold Shaft Mining
36:45 Fletching
36:56 Padded Archer Armor
42:02 Imperial Age
42:29 Ballistics
reev699169
10:28 Feudal Age
16:24 Castle Age
14:37 Horse Collar
14:45 Double-Bit Axe
17:28 Wheelbarrow
17:27 Stone Mining
22:15 Gold Mining
23:18 Heavy Plow
26:40 Loom
29:07 Stone Shaft Mining
29:08 Gold Shaft Mining
31:35 Imperial Age
29:26 Hand Cart
29:43 Husbandry
29:53 Bloodlines
31:04 Scale Barding Armor
31:00 Scale Mail Armor
31:11 Forging
31:13 Kamandaran
32:43 Chain Barding Armor
33:00 Conscription
33:31 Elite War Elephant
35:07 Plate Barding Armor
35:21 Crop Rotation
35:09 Bow Saw
35:46 Padded Archer Armor
36:02 Chain Mail Armor
36:22 Iron Casting
36:58 Chemistry
37:25 Ballistics
39:53 Thumb Ring
39:10 Crossbowman
42:03 Plate Mail Armor
42:34 Blast Furnace
41:50 Leather Archer Armor
41:25 Fletching
opwo175712
11:21 Feudal Age
16:46 Castle Age
15:02 Horse Collar
15:29 Double-Bit Axe
16:32 Gold Mining
17:09 Stone Mining
25:26 Wheelbarrow
24:39 Loom
30:40 Imperial Age
28:26 Bow Saw
28:18 Heavy Plow
29:28 Hand Cart
29:07 Elite Skirmisher
30:21 Padded Archer Armor
30:12 Fletching
32:47 Husbandry
33:00 Bloodlines
33:25 Marauders
34:25 Conscription
35:09 Gold Shaft Mining
34:42 Scale Barding Armor
35:54 Two-Man Saw
34:58 Pikeman
35:38 Squires
35:40 Halberdier
36:20 Squires
36:25 Scale Mail Armor
36:35 Forging
36:47 Chain Barding Armor
38:35 Chain Mail Armor
38:55 Iron Casting
39:46 Cavalier
40:30 Elite Tarkan
Connection lost

Rejoining the realm…

Still unreachable

The connection could not be restored.

Session expired

The server has moved on; the page needs a fresh start.